cohdb
Replays
Latest Replays
All Replays
Popular Replays
Top Player Replays
Match Explorer
How It Works
Community
CoH3 Stats
Reddit
Sign in to upload your games and track your stats! →
Sign in with Steam
Match 45630727
Unlisted
Match 45630727
Overview
Messages
Build Orders
End
Selects Luftwaffe Battlegroup
Selects Luftwaffe Pioneer Support
Fallschirmpioneer Squad Paradrop
Construct Infanterie Kompanie
MG 42 Machine Gun Team
Fallschirmpioneer Squad Paradrop
Grenadier Squad
Medical Station
Selects Stuka Strafing Run
Fallschirmpioneer Squad Paradrop
Fupped
Weedz
condoriano
BlitzDiv
[EC] Ouch
[EC] Slip~Slide
[EC] Comrade Sniper
Dark Lord Cthulhu
0
0
Comments
sign in to comment!
No comments posted yet!